 Dungeon Crawl Stone Soup version 0.31-a0-1074-g0b22e4e0f1 (webtiles) character file.

Game seed: 12788809024003299022

3112 bmb222 the Grappler (level 9, -1/65 HPs)
             Began as a Demonspawn Shapeshifter on Nov 26, 2023.
             Was a Priest of Uskayaw.
             Shot with an arrow by a centaur (9 damage)
             ... on level 10 of the Dungeon.
             The game lasted 00:11:12 (7136 turns).

bmb222 the Grappler (Demonspawn Shapeshifter)       Turns: 7136, Time: 00:11:14

Health: -1/65      AC:  7    Str: 20    XL:     9   Next: 60%
Magic:  9/9        EV: 10    Int: 11    God:    Uskayaw [***...]
Gold:   335        SH:  0    Dex: 14    Spells: 8/8 levels left

rFire   . .          .
                       - Unarmed
rCold   . . .        (no shield)
rNeg    . . .        r - +0 scale mail
rPois   .            (helmet currently unavailable)
rElec   .            (cloak currently unavailable)
rCorr   .            (gloves currently unavailable)
SInv    .            (boots currently unavailable)
Will    .....        (no amulet)
Stlth   +            (no ring)
HPRegen 0.30/turn    (no ring)
MPRegen 0.11/turn

%: no passive effects
@: beast-form
A: beast (slay +2), horns 2, thin skeletal structure 1, ignite blood 2, demonic
magic 2
a: Begin Untransformation, Renounce Religion, Stomp, Line Pass


You were on level 10 of the Dungeon.
You worshipped Uskayaw.
Uskayaw was noncommittal.
You were a hulking beast.
You visited 2 branches of the dungeon, and saw 9 of its levels.

You collected 335 gold pieces.

Inventory:

Armour
 a - a +0 animal skin
 j - a +0 chain mail
 r - a +0 scale mail (worn)
Jewellery
 u - an amulet of faith
Talismans
 c - a beast talisman
 d - a flux talisman
Wands
 l - a wand of flame (17)
 o - a wand of paralysis (5)
 x - a wand of mindburst (5)
Scrolls
 e - a scroll of fog
 f - 3 scrolls of fear
 h - a scroll of revelation
 i - a scroll of blinking {unknown}
 k - 4 scrolls of identify
 n - a scroll of teleportation
 q - a scroll of torment {unknown}
 v - a scroll of noise {unknown}
 w - a scroll of poison {unknown}
Potions
 b - a potion of lignification
 g - a potion of haste {unknown}
 m - a potion of curing
 p - a potion of might {unknown}
 s - 2 potions of heal wounds {unknown}
 t - a potion of mutation {unknown}


   Skills:
 * Level 4.0 Fighting
 * Level 6.1 Armour
 - Level 1.7 Dodging
 * Level 9.6 Unarmed Combat
 * Level 4.4 Shapeshifting


You had 8 spell levels left.
You didn't know any spells.
Your spell library contained the following spells:

 Spells                   Type           Power      Damage    Failure   Level
 Apportation              Tloc           0%         N/A       67%         1
 Necrotise                Necr           0%         1d4       67%         1
 Summon Small Mammal      Summ           0%         N/A       67%         1
 Lesser Beckoning         Tloc           0%         N/A       80%         2
 Sublimation of Blood     Necr           0%         N/A       80%         2
 Call Canine Familiar     Summ           0%         N/A       95%         3
 Gell's Gravitas          Tloc           0%         N/A       95%         3
 Summon Guardian Golem    Hex/Summ       0%         N/A       95%         3
 Teleport Other           Tloc           0%         N/A       95%         3
 Olgreb's Toxic Radiance  Pois           0%         N/A       100%        4
 Petrify                  Tmut/Erth      0%         N/A       100%        4
 Irradiate                Conj/Tmut      0%         3d11      100%        5
 Discord                  Hex            0%         N/A       100%        8
 Ignition                 Fire           0%         3d3       100%        8


Dungeon Overview and Level Annotations

Branches:
Dungeon (7/15)             Temple (1/1) D:7

Altars:
Ashenzari
Cheibriados
Dithmenos
Fedhas
Hepliaklqana
Kikubaaqudgha
Makhleb
Nemelex Xobeh
Okawaru
Qazlal
Ru
Sif Muna
Trog
Uskayaw
Vehumet
Xom
Yredelemnul

Shops:
D:2 *   D:3 :

Annotations:
D:4 3 runed translucent doors, Beryl's ghost, amateur AtCj; DApurpleWHUMPUS's ghost, amateur DEHW; LeprechaunX's ghost, amateur OpSh; danielakadum's ghost, amateur HOFi


Innate Abilities, Weirdness & Mutations

You are a hulking beast.
Your limbs bulge with bestial killing power. (Slay +2)
You have a pair of horns on your head.
You have a somewhat thin skeletal structure. (Dex +2, Stealth+)
Your demonic aura often causes spilled blood to erupt in flames.
Spells you cast may paralyse nearby enemies.


Message History

You can now pass through a line of other dancers.
Your Fighting skill increases to level 4!
The wolf bites you but does no damage. The wolf barely misses you.
The wolf bites you! The wolf bites you. The wolf barely misses you.
The wolf bites you. The wolf bites you but does no damage.
The wolf barely misses you. The wolf bites you. The wolf misses you.
You closely miss the wolf. The wolf bites you. The wolf barely misses you.
The wolf bites you!
You can no longer pass through a line of other dancers.
You punch the wolf!
The wolf is severely wounded.
The wolf bites you.
* * * LOW HITPOINT WARNING * * *
The wolf bites you but does no damage.
You can now pass through a line of other dancers.
Unknown command.
It was a potion of curing.
You feel better. The wolf bites you.
* * * LOW HITPOINT WARNING * * *
The wolf bites you.
* * * LOW HITPOINT WARNING * * *
The wolf closely misses you. The wolf barely misses you.
You punch the wolf!
The wolf is moderately wounded.
The wolf bites you!
* * * LOW HITPOINT WARNING * * *
The wolf bites you.
* * * LOW HITPOINT WARNING * * *
The wolf bites you.
* * * LOW HITPOINT WARNING * * *
Uskayaw will force your foes to helplessly watch your dance.
Uskayaw prepares the audience for your solo!
You feel better.
The wolf is no longer paralysed. x2
The acid dragon is no longer paralysed.
The centaur is no longer paralysed.
The wolf bites you!
* * * LOW HITPOINT WARNING * * *
The wolf bites you but does no damage.
The wolf is engulfed in blazing flames.
You kill the wolf!
The centaur shoots an arrow.
The arrow hits you!
You die... .. .. # .# #. ###.# .. ..#. ##.#.# .hD

.#. #....### h.
.. .......
..##.#. ....#
.....D.######.#.#
#.....h....#
#.###c☼h.>.# #.
#.###.## #. #.#
#.# #.###.###.#
#.........####.#
#####c.........#
#.###.###..#
#.##.........
#.....###..##


You could see an acid dragon, a wolf and a centaur.

Vanquished Creatures
  3 yaks (D:6)
  Edmund (D:5)
  An orc warrior (D:7)
  2 ice beasts
  2 sky beasts (D:6)
  2 ogres
  A centaur (D:7)
  A kobold brigand (D:6)
  2 wolves (D:10)
  2 phantoms
  Blork the orc (D:5)
  2 bullfrogs
  A gnoll sergeant (D:6)
  3 necrophages (D:5)
  A centaur zombie (D:5)
  4 hounds
  5 orc priests
  2 jellies (D:5)
  2 gnoll boudas
  An iguana (D:4)
  4 sleepcaps
  5 orc wizards
  A hound zombie (D:5)
  14 gnolls
  11 adders
  A shadow imp (D:5)
  2 white imps
  2 ufetubi (D:6)
  An adder zombie (D:5)
  3 worms
  2 dart slugs
  28 orcs
  9 ball pythons
  9 endoplasms
  4 giant cockroaches
  8 hobgoblins
  4 jackals (D:2)
  9 kobolds
  2 quokkas
  6 bats
  2 frilled lizards (D:2)
  4 goblins
  7 rats
177 creatures vanquished.

Notes
Turn   | Place    | Note
-------+----------+-------------------------------------------
     0 | D:1      | bmb222 the Demonspawn Shapeshifter began the quest for the
                  | Orb.
     0 | D:1      | Reached XP level 1. HP: 15/15 MP: 1/1
   268 | D:1      | Gained mutation: You have a pair of small horns on your
                  | head. [demonic ancestry]
   268 | D:1      | Reached XP level 2. HP: 17/21 MP: 2/2
   388 | D:1      | Reached skill level 3 in Unarmed Combat
   425 | D:1      | Reached skill level 1 in Armour
   686 | D:1      | Gained mutation: Your demonic aura sometimes causes spilled
                  | blood to erupt in flames. [demonic ancestry]
   686 | D:1      | Reached XP level 3. HP: 26/26 MP: 3/3
  1020 | D:2      | Found Hithok's Assorted Antiques.
  1194 | D:2      | Found a shimmering blue altar of Sif Muna.
  1327 | D:2      | Gained mutation: You have a pair of horns on your head.
                  | [demonic ancestry]
  1327 | D:2      | Reached XP level 4. HP: 32/32 MP: 4/4
  1507 | D:3      | Reached skill level 4 in Unarmed Combat
  1757 | D:3      | Found Peixkyj's Book Emporium.
  2435 | D:4      | Found a shadowy altar of Dithmenos.
  2510 | D:4      | Gained mutation: Your demonic aura often causes spilled
                  | blood to erupt in flames. [demonic ancestry]
  2510 | D:4      | Reached XP level 5. HP: 37/37 MP: 5/5
  2542 | D:4      | Noticed a phantom
  2680 | D:3      | Found a faded altar of an unknown god.
  3134 | D:4      | Found a stormy altar of Qazlal.
  3193 | D:4      | Reached skill level 5 in Unarmed Combat
  3308 | D:4      | Gained mutation: Spells you cast may paralyse adjacent
                  | enemies. [demonic ancestry]
  3308 | D:4      | Reached XP level 6. HP: 43/43 MP: 6/6
  3312 | D:4      | Found a runed translucent gate.
  3313 | D:4      | Found a runed translucent gate.
  3314 | D:4      | Found a runed translucent gate.
  3320 | D:4      | Noticed DApurpleWHUMPUS's ghost (amateur DEHW)
  3320 | D:4      | Noticed danielakadum's ghost (amateur HOFi)
  3321 | D:4      | Noticed Beryl's ghost (amateur AtCj)
  3321 | D:4      | Noticed LeprechaunX's ghost (amateur OpSh)
  3785 | D:5      | Entered Level 5 of the Dungeon
  3863 | D:5      | Found a shimmering altar of Xom.
  3863 | D:5      | Found a bloodstained altar of Trog.
  3872 | D:5      | Found a snail-covered altar of Cheibriados.
  3874 | D:5      | Found a radiant altar of Vehumet.
  3878 | D:5      | Found a faded altar of an unknown god.
  3884 | D:5      | Reached XP level 7. HP: 25/48 MP: 7/7
  3887 | D:5      | Reached skill level 6 in Unarmed Combat
  4151 | D:5      | Noticed Blork the orc
  4159 | D:5      | Killed Blork the orc
  4562 | D:5      | Reached skill level 7 in Unarmed Combat
  4616 | D:5      | Gained mutation: Spells you cast may paralyse nearby
                  | enemies. [demonic ancestry]
  4616 | D:5      | Reached XP level 8. HP: 54/56 MP: 8/8
  4630 | D:5      | Noticed Edmund
  4634 | D:5      | Killed Edmund
  4807 | D:5      | Found a blossoming altar of Fedhas.
  5154 | D:6      | Reached skill level 8 in Unarmed Combat
  5222 | D:6      | Reached skill level 5 in Armour
  5235 | D:6      | Gained mutation: You have a somewhat thin skeletal
                  | structure. (Dex +2, Stealth+) [demonic ancestry]
  5235 | D:6      | Reached XP level 9. HP: 28/62 MP: 9/9
  6254 | D:6      | Reached skill level 9 in Unarmed Combat
  6712 | D:7      | Found a staircase to the Ecumenical Temple.
  6722 | Temple   | Entered the Ecumenical Temple
  6825 | Temple   | Became a worshipper of Uskayaw the Reveller
  6890 | D:7      | Reached * piety under Uskayaw
  6907 | D:7      | Reached ** piety under Uskayaw
  6946 | D:7      | Reached *** piety under Uskayaw
  7100 | D:7      | You fall into a shaft and drop 3 floors!
  7100 | D:10     | Entered Level 10 of the Dungeon
  7136 | D:10     | Shot with an arrow by a centaur

Illustrated notes

Levels and vault maps discovered:
D:1:      amcnicky_arrival_abandoned_market, layout_loops_ring
D:2:      layout_rooms, basic_altar, serial_shops, shop,
          dreamdust_princess_bridge, kennysheep_nub, eino_tiny_chamber
D:3:      layout_rooms, shapermc_ecumenical_altar_petra,
          serial_co_window_serial, co_window_paths_b, co_window_paths_b,
          co_window_corner_a, co_window_paths_a, co_window_paths_b,
          co_window_broadway_c, co_window_corner_cb, co_window_unsneaky_path_b,
          co_window_corner_ca, co_window_unsneaky_path_e, co_window_corner_cb,
          co_window_4corner_a, glass_columns_a, glass_columns_c,
          glass_columns_c, glass_columns_a, glass_columns_b, serial_shops,
          nicolae_shop_real_fake_doors
D:4:      layout_loops_cross, nicolae_dithmenos_through_a_glass_darkly,
          lemuel_doored_altar, gammafunk_ghost_cemetery, minmay_quantized
D:5:      layout_cave_pools, fedhas_altar_decomposition,
          chequers_temple_overflow_minitemple, uniq_edmund, uniq_blork_the_orc
D:6:      layout_loops_ring, nicolae_kite_square_tiling_tiny,
          minmay_misc_feat_alley
D:7:      layout_gridville, minmay_temple_entry_antechambers, grunt_ministairs_8
D:10:     layout_loops_corners, uniq_grum
Temple:   nicolae_temple_figure_eight

Skill      XL: |  1  2  3  4  5  6  7  8  9 |
---------------+----------------------------+-----
Unarmed Combat | 3 4 5 7 8 9 |  9.6
Armour         | 1 2 3 4 5 6 |  6.1
Shapeshifting  | 3 4 |  4.4
Fighting       | 2 4 |  4.0
Dodging        | |  1.7

Action                     |  1- 3 |  4- 6 |  7- 9 || total
---------------------------+-------+-------+-------++-------
  Melee: Unarmed           |   119 |   172 |   270 ||   561
         Headbutt          |    20 |    36 |    67 ||   123
         Punch             |     3 |     4 |     8 ||    15
  Evoke: Wand              |       |       |     1 ||     1
    Use: Scroll            |       |       |     5 ||     5
         Potion            |       |       |     2 ||     2
   Stab: Distracted        |     1 |       |       ||     1
         Paralysed         |       |       |     2 ||     2
 Armour: Animal skin       |    16 |       |       ||    16
         Chain mail        |    48 |    96 |    36 ||   180
         Scale mail        |       |       |   133 ||   133
         Skin              |       |       |     3 ||     3
  Dodge: Dodged            |    75 |    52 |   121 ||   248

Table legend: (Time is in decaauts)
 A = Elapsed time spent in this place.
 B = Non-inter-level travel time spent in this place.
 C = Inter-level travel time spent in this place.
 D = Time resting spent in this place.
 E = Time spent auto-exploring this place.
 F = Levels seen in this place.
 G = Mean time per level.
                   A        B        C        D        E       F      G
               +--------+--------+--------+--------+--------+-----+--------+
         Total |   7078 |   6771 |    307 |   1394 |   3832 |   9 |  786.4 |
       Dungeon |   6957 |   6660 |    297 |   1394 |   3832 |   8 |  869.6 |
        Temple |    120 |    110 |     10 |      0 |      0 |   1 |  120.0 |
               +--------+--------+--------+--------+--------+-----+--------+

Top non-repeatable levels by time:
     D:6: 1605 daAuts
     D:4: 1232 daAuts
     D:5: 1201 daAuts
     D:3: 1177 daAuts
     D:1: 903 daAuts
     D:2: 504 daAuts
     D:7: 297 daAuts
  Temple: 120 daAuts
    D:10: 34 daAuts
